Map: Triton LE

Players

Stormtripper

  • Race: Protoss Protoss
  • League: Silver
  • Spawn Location: 11:00

sandboX - Winner!

  • Race: Zerg Zerg
  • Spawn Location: 5:00

VOD

Have the link to the VOD?

Description

Time

  • Played on: Aug. 20, 2019, 8:06 p.m.
  • Length: 16:14
Show
View Real Time Build Order
Export as new Build Order

Stormtripper Protoss 

Build Orders: Chargelot Immortal 

Get SALT Encoding   

  12  0:03  Probe  
  13  0:14  Probe  
  13  0:15  Pylon  
  14  0:22  Probe  
  15  0:32  Probe  
  16  0:40  Gateway  
  16  0:44  Probe  
  17  0:59  Forge  
  17  1:00  Probe  
  18  1:12  Probe  
  19  1:18  Pylon  
  19  1:20  Probe  
  20  1:27  Zealot  
  22  1:43  Gateway, Cybernetics Core  
  22  1:49  Assimilator  
  22  1:52  Assimilator  
  22  1:54  Probe  
  23  2:08  Gateway  
  23  2:17  Probe  
  24  2:29  Probe  
  25  2:30  Zealot  
  25  2:34  Zealot  
  29  2:41  Probe  
  28  2:56  Zealot  
  30  3:08  Pylon  
  30  3:12  Pylon  
  30  3:18  Protoss Ground Weapons Level 1  
  30  3:21  Photon Cannon  
  30  3:26  Stalker  
  32  3:50  Stalker x2  
  36  4:09  Nexus  
  36  4:15  Pylon  
  36  4:25  Probe  
  37  4:40  Photon Cannon  
  37  4:42  Photon Cannon  
  37  4:48  Photon Cannon  
  37  4:53  Shield Battery  
  37  4:58  Pylon  
  37  4:59  Warp Gate  
  37  5:00  Zealot  
  37  5:03  Zealot  
  37  5:06  Sentry  
  43  5:08  Probe  
  44  5:21  Probe  
  45  5:33  Probe  
  46  5:45  Probe  
  46  5:46  Twilight Council  
  46  5:48  Pylon  
  47  5:50  Gateway  
  47  5:52  Gateway  
  47  6:01  Probe  
  47  6:02  Probe  
  49  6:09  Probe  
  49  6:10  Probe  
  51  6:27  Zealot x3  
  53  6:52  Probe  
  53  6:53  Probe  
  55  7:00  Assimilator  
  55  7:02  Assimilator  
  55  7:05  Probe  
  56  7:19  Robotics Facility  
  56  7:27  Robotics Facility  
  56  7:32  Probe x2, Charge  
  56  7:35  Zealot x2  
  56  7:36  Zealot x3  
  68  7:44  Probe x2  
  70  8:01  Zealot x4  
  70  8:02  Zealot  
  70  8:04  Immortal, Probe x2  
  86  8:22  Pylon  
  86  8:25  Pylon  
  86  8:36  Observer  
  86  8:40  Probe x2  
  89  8:51  Immortal  
  89  8:52  Probe x2  
  95  8:58  Immortal  
  95  8:59  Protoss Shields Level 1  
  99  9:05  Shield Battery  
  95  9:20  Zealot x2  
  95  9:21  Zealot  
  101  9:26  Pylon  
  101  9:30  Pylon  
  101  9:32  Pylon  
  101  9:43  Observer  
  101  9:45  Immortal  
  105  10:04  Observer  
  94  10:17  Zealot  
  94  10:18  Zealot x4  
  98  10:54  Immortal  
  98  10:56  Immortal  
  74  11:12  Zealot x5  
  80  11:30  Immortal  
  80  11:31  Immortal  
  88  11:42  Robotics Facility  
  88  11:45  Templar Archives  
  88  11:47  Gateway  
  88  11:50  Gateway  
  88  11:53  Gateway  
  88  12:03  Immortal  
  88  12:04  Immortal  
  88  12:05  Zealot x4  
  88  12:06  Zealot  
  106  12:20  Immortal  
  106  12:21  Protoss Ground Armor Level 1  
  110  12:42  Immortal  
  110  12:44  Immortal  
  118  12:51  Sentry  
  118  12:52  Sentry x2  
  118  12:53  Sentry  
  126  13:07  Pylon  
  126  13:09  Pylon x2  
  126  13:18  Pylon x2  
  126  13:28  High Templar x2  
  126  13:30  High Templar  
  126  13:31  Psionic Storm, High Templar  
  126  13:32  High Templar x2  
  138  13:36  High Templar x2  
  126  13:53  Archon  
  126  13:54  Archon x2  
  126  13:55  Archon  
  102  14:23  High Templar x2  
  102  14:26  Immortal x3  
  102  14:29  Zealot x2  
  102  14:30  Zealot x2  
  102  14:31  Zealot x2  
  126  14:40  Archon  
  102  15:12  High Templar  
  102  15:13  High Templar  
  96  15:19  Zealot x2  
  96  15:20  Zealot x4  
  46  15:41  High Templar x4  
  49  15:52  Archon  
  49  15:53  Zealot  
  43  16:04  Zealot  
Show
View Real Time Build Order
Export as new Build Order

sandboX Zerg - Winner!

Build Orders: Hatch First 

Get SALT Encoding   

  12  0:01  Drone  
  13  0:17  Overlord  
  13  0:23  Drone  
  14  0:35  Drone x2  
  16  0:54  Hatchery  
  15  0:59  Drone x2  
  15  1:01  Extractor  
  15  1:04  Drone  
  17  1:20  Spawning Pool  
  17  1:23  Drone  
  17  1:27  Drone  
  18  1:33  Drone  
  19  1:46  Overlord  
  19  2:08  Zergling x6  
  22  2:16  Roach Warren  
  22  2:19  Zergling x4  
  23  2:34  Drone x2  
  23  2:35  Queen  
  27  2:37  Queen  
  29  2:52  Metabolic Boost  
  29  2:56  Drone x3  
  32  3:03  Overlord  
  32  3:17  Spore Crawler  
  32  3:19  Spore Crawler  
  26  3:43  Drone x6  
  31  3:58  Drone x6  
  37  4:15  Drone x2  
  39  4:20  Hatchery  
  37  4:27  Roach x3  
  37  4:29  Overlord  
  43  4:36  Overlord x2  
  43  4:53  Extractor  
  43  4:54  Extractor  
  43  4:57  Roach x5  
  51  5:05  Drone x6  
  57  5:30  Roach x5  
  57  5:32  Queen  
  69  5:35  Lair  
  69  5:43  Evolution Chamber x2  
  69  5:45  Roach x3  
  69  5:49  Overlord x2  
  73  5:52  Overlord  
  73  6:10  Overlord x3  
  73  6:14  Roach x3  
  79  6:29  Drone x8  
  61  6:55  Drone x9  
  61  7:01  Zerg Ground Armor Level 1, Zerg Missile Weapons Level 1  
  70  7:03  Glial Reconstitution  
  70  7:05  Hydralisk Den  
  69  7:10  Roach x3  
  75  7:17  Extractor  
  75  7:20  Extractor x2  
  72  7:32  Drone x6  
  72  7:33  Drone x3  
  72  7:34  Roach x4  
  72  7:35  Roach  
  91  7:55  Roach x7  
  105  8:18  Muscular Augments  
  105  8:21  Hydralisk x8  
  121  8:27  Overlord  
  121  8:28  Overlord x4  
  121  8:29  Overlord  
  121  8:41  Drone  
  122  8:57  Zerg Ground Armor Level 2, Zerg Missile Weapons Level 2  
  122  9:01  Hydralisk  
  122  9:02  Hydralisk x4  
  132  9:05  Hatchery  
  131  9:14  Spore Crawler  
  131  9:15  Spore Crawler  
  131  9:16  Overseer x3  
  129  9:24  Queen x3  
  129  9:25  Overlord  
  129  9:27  Overlord  
  129  9:29  Hydralisk  
  103  10:15  Roach x19  
  119  10:27  Roach x5  
  127  10:48  Hydralisk x7  
  139  10:57  Grooved Spines  
  139  11:03  Hydralisk x5  
  137  11:21  Overlord x2  
  137  11:22  Overlord x3  
  137  11:24  Roach x2  
  141  11:33  Zergling x14  
  148  11:42  Spire  
  148  11:46  Nydus Network  
  147  11:54  Infestation Pit  
  147  11:57  Queen  
  148  12:41  Hydralisk x18  
  184  12:57  Hive  
  184  13:14  Drone x5  
  184  13:15  Drone x3  
  196  13:55  Roach x6  
  196  13:56  Roach  
  146  14:26  Zergling x56  
  146  14:27  Zergling x12  
  180  14:44  Hatchery  
  179  14:56  Hydralisk  
  179  14:57  Hydralisk x9  
  162  15:17  Hydralisk x16  
  162  15:20  Zergling x2  
  154  15:37  Zergling x22  
  165  15:51  Roach x7  
Tags
 
Add a new tag
Caveats
  • Supply blocks, unpowered buildings, or Contaminate may cause inaccurate times.
  • Supply counts are checked every 10 seconds.